 Dungeon Crawl Stone Soup version 0.24.0-13-gcf9b319 (webtiles) character file.

Game seed: 16441208933489926879, levelgen mode: deterministic

342 Bitman the Chopper (level 6, 0/56 HPs)
             Began as a Hill Orc Monk on Mar 5, 2020.
             Succumbed to a scorpion's poison
             ... on level 5 of the Dungeon on Mar 7, 2020.
             The game lasted 00:13:06 (3981 turns).

Bitman the Chopper (Hill Orc Monk)                  Turns: 3981, Time: 00:13:07

Health: 0/56       AC:  7    Str: 16    XL:     6   Next: 57%
Magic:  6/6        EV: 12    Int: 10    God:
Gold:   100        SH:  0    Dex: 13    Spells: 5/5 levels left

rFire    . . .     SeeInvis .   a - +1 hand axe
rCold    + + .     Gourm    .   (no shield)
rNeg     . . .     Faith    .   s - +0 ring mail
rPois    .         Spirit   .   j - +1 helmet
rElec    .         Reflect  .   (no cloak)
rCorr    .         Harm     .   (no gloves)
MR       .....                  (no boots)
Stlth    +.........             (no amulet)
HPRegen  0.18/turn              e - ring of protection from cold
MPRegen  0.10/turn              b - ring of protection from cold

@: lethally poisoned (0 -> -3)
A: no striking features
a: no special abilities


You were on level 5 of the Dungeon.
You were full.

You visited 1 branch of the dungeon, and saw 5 of its levels.

You collected 100 gold pieces.

Inventory:

Hand Weapons
 a - a +1 hand axe (weapon)
 q - a +0 hunting sling
Missiles
 n - 8 curare-tipped darts
 o - 88 stones (quivered)
Armour
 j - a +1 helmet (worn)
 s - a +0 ring mail (worn)
Jewellery
 b - a ring of protection from cold (right hand)
 e - a ring of protection from cold (left hand)
Wands
 r - a wand of digging (5)
Scrolls
 d - 3 scrolls of enchant armour
 i - a scroll of teleportation
 k - a scroll of immolation
 m - a scroll of remove curse
 p - 2 scrolls of identify
Comestibles
 c - a ration
 t - 3 chunks of flesh


   Skills:
 + Level 5.2 Fighting
 * Level 6.1 Axes
 + Level 1.6 Armour
 + Level 3.5 Dodging
 - Level 2.6 Stealth


You had 5 spell levels left.
You didn't know any spells.
Your spell library was empty.

Dungeon Overview and Level Annotations

Branches:
Dungeon (5/15)
 Temple: D:4-7

Altars:
Ashenzari
Dithmenos
Fedhas
Makhleb
Nemelex Xobeh
Okawaru
Vehumet

Annotations:
D:4 Robin


Message History

* * * LOW HITPOINT WARNING * * *
You feel sick.
There is a lethal amount of poison in your body!
As you read the scroll of teleportation, it crumbles to dust.
You feel strangely unstable.
* * * LOW HITPOINT WARNING * * *
You feel sick.
Unknown command.
Unknown command.
* * * LOW HITPOINT WARNING * * *
You feel sick.
Your surroundings suddenly seem different.
* * * LOW HITPOINT WARNING * * *
You feel sick.
Found a robe.
* * * LOW HITPOINT WARNING * * *
You feel sick.
* * * LOW HITPOINT WARNING * * *
You feel sick.
You die...

### #.#
#@#
#[.#
...##
.....
......#
.....#
##...
##..


There were no monsters in sight!

Vanquished Creatures
  A scorpion (D:5)
  A crimson imp (D:3)
  A bullfrog skeleton (D:4)
  A hound (D:3)
  Ijyb (D:3)
  8 adders
  4 dart slugs
  2 leopard geckos
  2 orcs (D:3)
  11 bats
  6 giant cockroaches
  15 goblins
  9 hobgoblins
  9 jackals
  2 quokkas
  A ball python (D:2)
  3 frilled lizards
  8 kobolds
  4 rats (D:1)
89 creatures vanquished.

Notes
Turn   | Place    | Note
-------+----------+-------------------------------------------
     0 | D:1      | Bitman the Hill Orc Monk began the quest for the Orb.
     0 | D:1      | Reached XP level 1. HP: 19/19 MP: 1/1
    69 | D:1      | Reached XP level 2. HP: 20/27 MP: 2/2
   384 | D:1      | Reached XP level 3. HP: 15/33 MP: 3/3
  1071 | D:2      | Reached XP level 4. HP: 31/41 MP: 4/4
  1605 | D:2      | Reached skill level 5 in Axes
  1653 | D:2      | Reached XP level 5. HP: 47/47 MP: 5/5
  1660 | D:2      | Found a blossoming altar of Fedhas.
  1932 | D:3      | Noticed Ijyb
  1959 | D:3      | Killed Ijyb
  2924 | D:3      | Found a burning altar of Makhleb.
  2924 | D:3      | Found a radiant altar of Vehumet.
  2958 | D:3      | Reached skill level 5 in Fighting
  2958 | D:3      | Reached skill level 1 in Armour
  2958 | D:3      | Reached XP level 6. HP: 45/56 MP: 6/6
  3116 | D:3      | Found a shattered altar of Ashenzari.
  3326 | D:3      | Found an iron altar of Okawaru.
  3536 | D:3      | Found a shadowy altar of Dithmenos.
  3688 | D:4      | Noticed Robin
  3881 | D:4      | Found a sparkling altar of Nemelex Xobeh.
  3966 | D:5      | Entered Level 5 of the Dungeon
  3971 | D:5      | Reached skill level 6 in Axes
  3976 | D:5      | HP: 2/56 [poisoned by a scorpion]
  3981 | D:5      | Succumbed to a scorpion's poison

Levels and vault maps discovered:
D:1:      nzn_arrival_crosshair, layout_basic
D:2:      layout_basic, nicolae_overflow_hidden_temple, first_ration,
          kennysheep_generic_room_13
D:3:      layout_basic, grunt_temple_overflow_lords_of_destruction,
          okawaru_metal_pillars_1_2, nicolae_dithmenos_through_a_glass_darkly,
          nicolae_ashenzari_panopticon, uniq_ijyb
D:4:      layout_rooms, nemelex_xobeh_ov_fountains_minmay,
          ebering_ghost_rock_garden, moated_statue, uniq_robin,
          uniq_blork_the_orc
D:5:      layout_layer_cave, minmay_temple_entry_trees, minivault_14

Skill      XL: |  1  2  3  4  5  6 |
---------------+-------------------+-----
Fighting       | 4 5 |  5.2
Stealth        | 2 |  2.6
Dodging        | 3 |  3.5
Axes           | 5 6 |  6.1
Armour         | 1 |  1.6

Action                   |  1- 3 |  4- 6 || total
-------------------------+-------+-------++-------
Melee: Hand axe          |   109 |   232 ||   341
  Use: Potion            |       |     4 ||     4
       Scroll            |       |    10 ||    10
 Stab: Sleeping          |       |     5 ||     5
       Distracted        |       |     1 ||     1
  Eat: Chunk             |     1 |     3 ||     4
       Ration            |       |     3 ||     3
Armor: Robe              |    32 |    19 ||    51
       Ring mail         |       |    53 ||    53
Dodge: Dodged            |   108 |   174 ||   282
